cohdb
Replays
Latest Replays
All Replays
Popular Replays
Top Player Replays
Match Explorer
How It Works
Community
CoH3 Stats
Reddit
Sign in to upload your games and track your stats! →
Sign in with Steam
Match 43264320
Unlisted
Match 43264320
Overview
Messages
Build Orders
End
Royal Engineer Section
Construct Section Command Post
Selects Indian Artillery Battlegroup
Vickers Machine Gun Team
Vickers Machine Gun Team
Infantry Section
Construct Platoon Command Post
Unlock M3 Stuart Light Tanks
Selects Towed ML 4.2-inch Heavy Mortar
Towed ML 4.2-inch Heavy Mortar
M3 Stuart Light Tank
Infantry Section
Infantry Training
M3 Stuart Light Tank
Royal Engineer Section
Selects Valour
Selects Gurkha Rifles Section
Construct Company Command Post
Crusader II Medium Tank
Gurkha Rifles Section
Selects Volunteer Infantry
Armored Vehicle Training
Unlock M3 Grant Medium Tanks
Selects Off-map Airburst Barrage
M3 Grant Medium Tank
M3 Grant Medium Tank
Gurkha Rifles Section
M3 Grant Medium Tank
Selects Perimeter Monitor
M3 Grant Medium Tank
Perimeter Monitor
6-pounder Anti-tank Gun Team
M3 Grant Medium Tank
Gurkha Rifles Section
Microsoft Outlook
deadsadbadmad
insane
iceman
0
0
Comments
sign in to comment!
No comments posted yet!